 Dungeon Crawl Stone Soup version 0.29.1-13-g9f3cf754e1 (webtiles) character file.

Game seed: 1142633765971415431

59 GeoRichter the Stinger (level 4, 27/27 HPs)
             Began as an Octopode Venom Mage on Feb 6, 2023.
             Quit the game on level 2 of the Dungeon.
             The game lasted 00:03:57 (2480 turns).

GeoRichter the Stinger (Octopode Venom Mage)        Turns: 2480, Time: 00:03:57

Health: 27/27      AC:  1    Str:  7    XL:     4   Next: 3%
Magic:  7/7        EV: 13    Int: 19    God:
Gold:   38         SH:  0    Dex: 10    Spells: 4/7 levels left

rFire   . . .      SeeInvis .   (no weapon)
rCold   . . .      Faith    .   (no shield)
rNeg    . . .      Spirit   .   (helmet restricted)
rPois   .          Reflect  .   (no amulet)
rElec   .          Harm     .   (no ring)
rCorr   .          Rampage  .   (no ring)
Will    .....                   (no ring)
Stlth   +++.......              (no ring)
HPRegen 0.09/turn               (no ring)
MPRegen 0.10/turn               (no ring)
                                (no ring)
                                (no ring)

@: no status effects
A: almost no armour, amphibious, 8 rings, camouflage 1, gelatinous body 1,
(nimble swimmer 1), tentacles, clumsy 1, screaming 2, devolution 1
a: no special abilities


You were on level 2 of the Dungeon.
You visited 1 branch of the dungeon, and saw 2 of its levels.

You collected 38 gold pieces.

Inventory:

Hand Weapons
 e - a +2 war axe of flaming
   (You found it on level 1 of the Dungeon)
Missiles
 c - 4 poisoned darts
Armour
 b - a +0 buckler
   (You found it on level 1 of the Dungeon)
Wands
 m - a wand of flame (12)
   (You found it on level 2 of the Dungeon)
Scrolls
 d - a scroll of identify {unknown}
 g - a scroll of teleportation {unknown}
 i - 2 scrolls of magic mapping {unknown}
 j - a scroll of blinking {unknown}
Potions
 a - a potion of magic
 f - a potion of lignification {unknown}
 h - a potion of berserk rage {unknown}
 k - a potion of mutation {!q}
 l - a potion of curing {unknown}
 n - a potion of attraction {!q}


   Skills:
 - Level 2.0 Dodging
 - Level 4.0 Stealth
 + Level 2.4 Spellcasting
 - Level 1.0 Transmutations
 + Level 0.9 Air Magic
 * Level 4.6 Poison Magic


You had 4 spell levels left.
You knew the following spells:

 Your Spells              Type           Power      Damage    Failure   Level
a - Sting                 Tmut/Pois      48%        1d5       5%          1
b - Poisonous Vapours     Pois/Air       24%        N/A       8%          2

Your spell library contained the following spells:

 Spells                   Type           Power      Damage    Failure   Level
 Mephitic Cloud           Conj/Pois/Air  9%         N/A       22%         3
 Olgreb's Toxic Radiance  Pois           19%        N/A       24%         4
 Anguish                  Hex/Necr       1%         N/A       85%         4
 Enfeeble                 Hex            1%         N/A       100%        7


Dungeon Overview and Level Annotations

Branches:
Dungeon (2/15) Zot: 9520

Altars:


Innate Abilities, Weirdness & Mutations

You cannot wear most types of armour.
You are amphibious.
You can wear up to eight rings at the same time.
Your skin changes colour to match your surroundings (Stealth+).
Your rubbery body absorbs attacks. (AC +1, EV +1)
((You are camouflaged when in or above water. (Stealth+)))
You have tentacles for arms and can constrict up to eight enemies at once.
You are clumsy. (Dex -2)
You frequently scream uncontrollably at your foes.
You have hidden genetic defects.


Message History

The endoplasm attacks as you move away! The endoplasm hits you.
The endoplasm barely misses you.
Aim: an adder (53% to hit)
The sting hits the endoplasm.
The endoplasm partially resists.
You kill the endoplasm!
The adder bites you but does no damage.
Aim: an adder (53% to hit)
The sting misses the adder.
The adder closely misses you.
Aim: an adder (53% to hit)
The sting misses the adder.
The sting hits the goblin.
The goblin is poisoned.
The adder bites you.
Aim: an adder (53% to hit)
The sting misses the adder.
The sting hits the goblin.
The goblin looks even sicker.
You kill the goblin!
The adder bites you.
* * * LOW HITPOINT WARNING * * *
You tentacle-slap the adder. Your grab misses the adder.
The adder barely misses you. The adder bites you.
* * * LOW HITPOINT WARNING * * *
It was a potion of attraction.
You feel attractive to monsters. The adder closely misses you.
It was a potion of mutation.
You feel extremely strange.
You feel the urge to shout.
You feel a strong urge to scream.
You feel a hidden malignance growing inside you.
The adder bites you.
* * * LOW HITPOINT WARNING * * *
You tentacle-slap the adder but do no damage.
You grab the adder. You squeeze the adder. You constrict the adder.
The adder bites you.
* * * LOW HITPOINT WARNING * * *
The adder completely misses you.
You tentacle-slap the adder. You squeeze the adder. You constrict the adder.
The adder bites you.
* * * LOW HITPOINT WARNING * * *
You barely miss the adder.
You squeeze the adder, but do no damage.
You constrict the adder. The adder barely misses you.
You tentacle-slap the adder.
You kill the adder!
You have reached level 4!
You feel a genetic drift.
You feel clumsy.
You feel less attractive to monsters.
You see here an adder skeleton.
Things that are here:
a +0 dagger; a goblin skeleton
Found a stone staircase leading down.

#.. ..........# #####..
..........# #......
..........# #......
>.........# #......
..........# #......
..........########......
........................
.......@......# ##......
..###..#......# #......
#..+.)....# #......
##.#......# #......
.####.#......# #......
.........#..#####......
.#####.###)รท..........
#..#############.
##..############.


There were no monsters in sight!

Vanquished Creatures
  An adder (D:2)
  2 worms (D:2)
  2 dart slugs
  2 bats (D:1)
  6 endoplasms
  2 giant cockroaches
  4 goblins (D:2)
  A hobgoblin (D:2)
  3 jackals (D:1)
  A kobold (D:1)
  2 quokkas (D:1)
  4 ball pythons
  2 frilled lizards
  5 rats
37 creatures vanquished.

Notes
Turn   | Place    | Note
-------+----------+-------------------------------------------
     0 | D:1      | GeoRichter the Octopode Venom Mage began the quest for the
                  | Orb.
     0 | D:1      | Reached XP level 1. HP: 11/11 MP: 3/3
   335 | D:1      | Reached XP level 2. HP: 17/17 MP: 1/5
   982 | D:1      | Learned a level 2 spell: Poisonous Vapours
  1019 | D:1      | Reached XP level 3. HP: 21/21 MP: 3/6
  1856 | D:2      | Found a faded altar of an unknown god.
  2193 | D:2      | Gained mutation: You occasionally shout uncontrollably at
                  | your foes. [potion of mutation]
  2193 | D:2      | Gained mutation: You frequently scream uncontrollably at
                  | your foes. [potion of mutation]
  2193 | D:2      | Gained mutation: You have hidden genetic defects. [potion
                  | of mutation]
  2195 | D:2      | HP: 1/21 [adder (4)]
  2198 | D:2      | Reached XP level 4. HP: 2/27 MP: 1/7
  2203 | D:2      | Gained mutation: You are clumsy. (Dex -2) [hidden defects]
  2480 | D:2      | Quit the game

Illustrated notes

Levels and vault maps discovered:
D:1:      dpeg_arrival_simpleton_a, layout_basic, minmay_pentomino_u4
D:2:      layout_basic, ebering_ecumenical_altar_webs

Skill      XL: |  1  2 |
---------------+-------+-----
Stealth        | 3 4 |  4.0
Poison Magic   | 4 |  4.6
Dodging        | |  2.0
Spellcasting   | |  2.4
Transmutations | |  1.0
Air Magic      | |  0.9

Action                   |  1- 3 |  4- 6 || total
-------------------------+-------+-------++-------
Melee: Unarmed           |    32 |       ||    32
       Constrict         |     8 |       ||     8
       Tentacles         |     9 |       ||     9
       Punch             |     1 |       ||     1
 Cast: Sting             |    60 |       ||    60
       Poisonous Vapours |     6 |       ||     6
  Use: Potion            |     2 |       ||     2
Armor: Skin              |     1 |       ||     1
Dodge: Dodged            |    40 |       ||    40
